NCAA
SOUTH FLORIDA BULLS @ MISSISSIPPI REBELS
04/24/2029
 
TOP OF THE 1ST
South Florida Bulls batting - Pitching for Mississippi Rebels : RHP Eddie Bell
Pitching: RHP Eddie Bell
Batting: LHB Roland Nelson 0-0: Foul Ball, location: 2F
0-1: Foul Ball, location: 2F
0-2: Strikes out swinging
Batting: RHB Brian Jones 0-0: Called Strike
0-1: Called Strike
0-2: Ball
1-2: Ball
2-2: Foul Ball, location: 2F
2-2: Strikes out swinging
Batting: LHB Don Glassman 0-0: Ball
1-0: Ball
2-0: Foul Ball, location: 2F
2-1: Foul Ball, location: 2F
2-2: Ball
3-2: Base on Balls
Batting: RHB Ronnie Rogers 0-0: Foul Ball, location: 2F
0-1: Foul Ball, location: 2F
0-2: Ball
1-2: Fly out, F3 (Popup, 3F)
Top of the 1st over - 0 runs, 0 hits, 0 errors, 1 left on base; South Florida 0 - Mississippi 0
BOTTOM OF THE 1ST
Mississippi Rebels batting - Pitching for South Florida Bulls : RHP Allen Steele
Pitching: RHP Allen Steele
Batting: RHB Jon Waller 0-0: Foul Ball, location: 2F
0-1: Foul Ball, location: 2F
0-2: Ground out 3-1 (Groundball, 34S)
Batting: LHB Erik Moore 0-0: Ball
1-0: Swinging Strike
1-1: Foul Ball, location: 2F
1-2: Ball
2-2: Foul Ball, location: 2F
2-2: Strikes out swinging
Batting: LHB John Allen 0-0: Called Strike
0-1: SOLO HOME RUN (Flyball, 9D), Distance : 348 ft
Batting: RHB Jesús Estrada 0-0: Foul Ball, location: 2F
0-1: Ball
1-1: Foul Ball, location: 2F
1-2: Ball
2-2: Foul Ball, location: 2F
2-2: SOLO HOME RUN (Flyball, 7LD), Distance : 336 ft
Batting: LHB Howard Tyler 0-0: Foul Ball, location: 2F
0-1: Ball
1-1: Ball
2-1: Ball
3-1: Fly out, F7 (Flyball, 7S)
Bottom of the 1st over - 2 runs, 2 hits, 0 errors, 0 left on base; South Florida 0 - Mississippi 2
TOP OF THE 2ND
South Florida Bulls batting - Pitching for Mississippi Rebels : RHP Eddie Bell
Batting: RHB Jordan Ashby 0-0: Ball
1-0: Ball
2-0: Foul Ball, location: 2F
2-1: Swinging Strike
2-2: Ball
3-2: Foul Ball, location: 2F
3-2: Base on Balls
Batting: RHB Keith Olson 0-0: Ball
1-0: Called Strike
1-1: Ball
2-1: Foul Ball, location: 2F
2-2: Foul Ball, location: 2F
2-2: Strikes out swinging
Batting: RHB José Ramírez 0-0: Ball
1-0: Ball
2-0: Ball
3-0: Called Strike
3-1: Base on Balls
Jordan Ashby to second
Batting: RHB Mike Smith 0-0: Swinging Strike
0-1: Ball
1-1: Ball
2-1: Foul Ball, location: 2F
2-2: Strikes out swinging
Batting: LHB Ramiro Valdés 0-0: Ball
1-0: Ball
2-0: Called Strike
2-1: Foul Ball, location: 2F
2-2: Ball
3-2: Strikes out swinging
Top of the 2nd over - 0 runs, 0 hits, 0 errors, 2 left on base; South Florida 0 - Mississippi 2
BOTTOM OF THE 2ND
Mississippi Rebels batting - Pitching for South Florida Bulls : RHP Allen Steele
Batting: RHB Jesús Pérez 0-0: Foul Ball, location: 2F
0-1: Ground out 4-3 (Groundball, 4)
Batting: RHB Manuel Ortíz 0-0: Ball
1-0: Ball
2-0: Foul Ball, location: 2F
2-1: Swinging Strike
2-2: Ball
3-2: Base on Balls
Batting: RHB Albert Hunt 0-0: Called Strike
0-1: SINGLE (Line Drive, 78S)
Manuel Ortíz to second
Batting: LHB Brian Barrón 0-0: Ball
1-0: Foul Ball, location: 2F
1-1: Ball
2-1: Foul Ball, location: 2F
2-2: Ball
3-2: Strikes out swinging
Batting: RHB Jon Waller 0-0: Ball
1-0: Ball
2-0: Called Strike
2-1: Ball
3-1: Base on Balls
Manuel Ortíz to third
Albert Hunt to second
Batting: LHB Erik Moore 0-0: Called Strike
0-1: Fly out, F8 (Flyball, 8RM)
Bottom of the 2nd over - 0 runs, 1 hit, 0 errors, 3 left on base; South Florida 0 - Mississippi 2
TOP OF THE 3RD
South Florida Bulls batting - Pitching for Mississippi Rebels : RHP Eddie Bell
Batting: LHB Roland Nelson 0-0: Reached on error, E9 (Flyball, 89S)
Batting: RHB Brian Jones Pickoff Throw to First - Error! E1
Roland Nelson to second
0-0: Ball
1-0: Foul Ball, location: 2F
1-1: Called Strike
1-2: Foul Ball, location: 2F
1-2: Strikes out swinging
Batting: LHB Don Glassman 0-0: Ball
1-0: Foul Ball, location: 2F
1-1: Swinging Strike
1-2: Ball
2-2: Ball
3-2: Base on Balls
Batting: RHB Ronnie Rogers 0-0: Called Strike
0-1: Ball
1-1: Swinging Strike
1-2: Strikes out looking
Batting: RHB Jordan Ashby 0-0: Called Strike
0-1: Ball
1-1: Ball
2-1: Reached on error, E6 (Groundball, 6)
Roland Nelson to third
Don Glassman to second
Batting: RHB Keith Olson 0-0: Ball
1-0: Ball
2-0: Ball
3-0: Called Strike
3-1: Base on Balls
Roland Nelson scores
Don Glassman to third
Jordan Ashby to second
Batting: RHB José Ramírez 0-0: Called Strike
0-1: GRAND SLAM HOME RUN (Flyball, 7LD), Distance : 329 ft
Batting: RHB Mike Smith 0-0: Called Strike
0-1: Ball
1-1: Ball
2-1: Called Strike
2-2: SOLO HOME RUN (Flyball, 9LD), Distance : 333 ft
Batting: LHB Ramiro Valdés 0-0: Ball
1-0: Ball
2-0: Ball
3-0: Called Strike
3-1: Foul Ball, location: 2F
3-2: Strikes out swinging
Top of the 3rd over - 6 runs, 2 hits, 3 errors, 0 left on base; South Florida 6 - Mississippi 2
BOTTOM OF THE 3RD
Mississippi Rebels batting - Pitching for South Florida Bulls : RHP Allen Steele
Batting: LHB John Allen 0-0: Ball
1-0: Foul Ball, location: 2F
1-1: Ball
2-1: Called Strike
2-2: Foul Ball, location: 2F
2-2: Ball
3-2: Fly out, F9 (Flyball, 9LSF)
Batting: RHB Jesús Estrada 0-0: Ball
1-0: Ground out 6-3 (Groundball, 6)
Batting: LHB Howard Tyler 0-0: Called Strike
0-1: Foul Ball, location: 2F
0-2: Ball
1-2: Strikes out swinging
Bottom of the 3rd over - 0 runs, 0 hits, 0 errors, 0 left on base; South Florida 6 - Mississippi 2
TOP OF THE 4TH
South Florida Bulls batting - Pitching for Mississippi Rebels : RHP Eddie Bell
Pitching: LHP Chris Pérez
Batting: LHB Roland Nelson 0-0: Called Strike
0-1: Ball
1-1: Swinging Strike
1-2: Ball
2-2: Strikes out swinging
Batting: RHB Brian Jones 0-0: SOLO HOME RUN (Flyball, 78XD), Distance : 386 ft
Batting: LHB Don Glassman 0-0: Fly out, F9 (Flyball, 9)
Batting: RHB Ronnie Rogers 0-0: Called Strike
0-1: Swinging Strike
0-2: Ball
1-2: Ball
2-2: Foul Ball, location: 2F
2-2: Ball
3-2: Strikes out swinging
Top of the 4th over - 1 run, 1 hit, 0 errors, 0 left on base; South Florida 7 - Mississippi 2
BOTTOM OF THE 4TH
Mississippi Rebels batting - Pitching for South Florida Bulls : RHP Allen Steele
Batting: RHB Jesús Pérez 0-0: Ball
1-0: Ground out 5-3 (Groundball, 5L)
Batting: RHB Manuel Ortíz 0-0: Ball
1-0: Called Strike
1-1: Foul Ball, location: 2F
1-2: Ball
2-2: Ground out 5-3 (Groundball, 56)
Batting: RHB Albert Hunt 0-0: Ball
1-0: Ball
2-0: Ball
3-0: Base on Balls
Batting: LHB Brian Barrón 0-0: Swinging Strike
0-1: Reached on error, E3 (Groundball, 3)
Albert Hunt to second
Batting: RHB Jon Waller 0-0: Foul Ball, location: 2F
0-1: Foul Ball, location: 2F
0-2: Strikes out swinging
Bottom of the 4th over - 0 runs, 0 hits, 1 error, 2 left on base; South Florida 7 - Mississippi 2
TOP OF THE 5TH
South Florida Bulls batting - Pitching for Mississippi Rebels : LHP Chris Pérez
Batting: RHB Jordan Ashby 0-0: Swinging Strike
0-1: Foul Ball, location: 2F
0-2: Strikes out swinging
Batting: RHB Keith Olson 0-0: Called Strike
0-1: Called Strike
0-2: Ground out 6-3 (Groundball, 6)
Batting: RHB José Ramírez 0-0: Foul Ball, location: 2F
0-1: Ground out 5-3 (Groundball, 5)
Top of the 5th over - 0 runs, 0 hits, 0 errors, 0 left on base; South Florida 7 - Mississippi 2
BOTTOM OF THE 5TH
Mississippi Rebels batting - Pitching for South Florida Bulls : RHP Allen Steele
Batting: LHB Erik Moore 0-0: Foul Ball, location: 2F
0-1: Fly out, F6 (Popup, P)
Batting: LHB John Allen 0-0: Ball
1-0: Called Strike
1-1: Ball
2-1: Foul Ball, location: 2F
2-2: Strikes out swinging
Batting: RHB Jesús Estrada 0-0: Ball
1-0: Ball
2-0: Fly out, F7 (Flyball, 78D)
Bottom of the 5th over - 0 runs, 0 hits, 0 errors, 0 left on base; South Florida 7 - Mississippi 2
TOP OF THE 6TH
South Florida Bulls batting - Pitching for Mississippi Rebels : LHP Chris Pérez
Batting: RHB Mike Smith 0-0: Called Strike
0-1: Ball
1-1: SINGLE (Line Drive, 6D)
Batting: LHB Ramiro Valdés 0-0: Swinging Strike
0-1: Ball
1-1: Called Strike
1-2: Strikes out swinging
Batting: LHB Roland Nelson 0-0: Foul Ball, location: 2F
0-1: Ball
1-1: Ball
2-1: Fielders Choice at 2nd, 4-6 (Groundball, 4)
Batting: RHB Brian Jones 0-0: Foul Ball, location: 2F
0-1: Ball
1-1: Foul Ball, location: 2F
1-2: Strikes out swinging
Top of the 6th over - 0 runs, 1 hit, 0 errors, 1 left on base; South Florida 7 - Mississippi 2
BOTTOM OF THE 6TH
Mississippi Rebels batting - Pitching for South Florida Bulls : RHP Allen Steele
Pitching: LHP Nate Carter
Batting: LHB Howard Tyler 0-0: SINGLE (Line Drive, 34)
Batting: RHB Jesús Pérez 0-0: Ball
1-0: Ball
2-0: Foul Ball, location: 2F
2-1: SINGLE (Groundball, 4MD)
Howard Tyler to second
Runner from 2nd tries for 3rd, OUT!
Batting: RHB Manuel Ortíz 0-0: Swinging Strike
0-1: Foul Ball, location: 2F
0-2: Ball
1-2: SINGLE (Flyball, 8LS)
Jesús Pérez to second
Batting: RHB Albert Hunt 0-0: Called Strike
0-1: Swinging Strike
0-2: Strikes out looking
Batting: LHB Brian Barrón 0-0: Foul Ball, location: 2F
0-1: Ball
1-1: Ball
2-1: Ball
3-1: Ground out 4-3 (Groundball, 4)
Bottom of the 6th over - 0 runs, 3 hits, 0 errors, 2 left on base; South Florida 7 - Mississippi 2
TOP OF THE 7TH
South Florida Bulls batting - Pitching for Mississippi Rebels : LHP Chris Pérez
Batting: LHB Don Glassman 0-0: Swinging Strike
0-1: Foul Ball, location: 2F
0-2: Strikes out swinging
Batting: RHB Ronnie Rogers 0-0: Foul Ball, location: 2F
0-1: Hit by Pitch
Batting: RHB Jordan Ashby 0-0: Called Strike
0-1: Ball
1-1: Foul Ball, location: 2F
1-2: Foul Ball, location: 2F
1-2: Fly out, F9 (Flyball, 9LD)
Batting: RHB Keith Olson 0-0: Ball
1-0: Called Strike
1-1: Ball
2-1: Foul Ball, location: 2F
2-2: Ball
3-2: Ground out 5-3 (Groundball, 56S)
Top of the 7th over - 0 runs, 0 hits, 0 errors, 1 left on base; South Florida 7 - Mississippi 2
BOTTOM OF THE 7TH
Mississippi Rebels batting - Pitching for South Florida Bulls : LHP Nate Carter
Batting: RHB Jon Waller 0-0: Called Strike
0-1: Ball
1-1: Fly out, F9 (Line Drive, 9)
Batting: LHB Erik Moore 0-0: Ball
1-0: Ball
2-0: Ball
3-0: Base on Balls
Batting: LHB John Allen 0-0: Foul Ball, location: 2F
0-1: Foul Ball, location: 2F
0-2: Foul Ball, location: 2F
0-2: Ball
1-2: Ball
2-2: SINGLE (Line Drive, 3S)
Erik Moore to second
Runner from 2nd tries for 3rd, OUT!
Batting: RHB Jesús Estrada 0-0: Ball
1-0: Called Strike
1-1: Ball
2-1: Fly out, F9 (Flyball, 9LDF)
Bottom of the 7th over - 0 runs, 1 hit, 0 errors, 1 left on base; South Florida 7 - Mississippi 2
TOP OF THE 8TH
South Florida Bulls batting - Pitching for Mississippi Rebels : LHP Chris Pérez
Batting: RHB José Ramírez 0-0: Ball
1-0: Swinging Strike
1-1: Fly out, F8 (Flyball, 89M)
Batting: RHB Mike Smith 0-0: Called Strike
0-1: Ground out 5-3 (Groundball, 56)
Batting: LHB Ramiro Valdés 0-0: Fly out, F6 (Popup, 6M)
Top of the 8th over - 0 runs, 0 hits, 0 errors, 0 left on base; South Florida 7 - Mississippi 2
BOTTOM OF THE 8TH
Mississippi Rebels batting - Pitching for South Florida Bulls : LHP Nate Carter
Batting: LHB Howard Tyler 0-0: Called Strike
0-1: Ball
1-1: Ball
2-1: Called Strike
2-2: Ball
3-2: Strikes out looking
Batting: RHB Jesús Pérez 0-0: Called Strike
0-1: SINGLE (Groundball, 6D)
Pitching: RHP Dustin Cook
Batting: RHB Manuel Ortíz 0-0: Ball
1-0: Ball
2-0: Ball
3-0: Base on Balls
Jesús Pérez to second
Batting: RHB Albert Hunt 0-0: Swinging Strike
0-1: Swinging Strike
0-2: Strikes out swinging
Batting: LHB Brian Barrón 0-0: Ball
1-0: Ball
2-0: 3-RUN HOME RUN (Line Drive, 8LXD), Distance : 408 ft
Pitching: RHP Ken Ware
Batting: RHB Jon Waller 0-0: SINGLE (Flyball, 34D)
Batting: LHB Erik Moore 0-0: Foul Ball, location: 2F
0-1: Called Strike
0-2: Foul Ball, location: 2F
0-2: Fly out, F9 (Flyball, 89S)
Bottom of the 8th over - 3 runs, 3 hits, 0 errors, 1 left on base; South Florida 7 - Mississippi 5
TOP OF THE 9TH
South Florida Bulls batting - Pitching for Mississippi Rebels : LHP Chris Pérez
Pitching: RHP Ray Pérez
Batting: LHB Roland Nelson 0-0: Ball
1-0: Swinging Strike
1-1: Fly out, F8 (Flyball, 8RD)
Batting: RHB Brian Jones 0-0: Called Strike
0-1: Ball
1-1: Foul Ball, location: 2F
1-2: Fly out, F7 (Flyball, 7S)
Batting: LHB Don Glassman 0-0: Foul Ball, location: 2F
0-1: Fly out, F8 (Flyball, 8LD)
Top of the 9th over - 0 runs, 0 hits, 0 errors, 0 left on base; South Florida 7 - Mississippi 5
BOTTOM OF THE 9TH
Mississippi Rebels batting - Pitching for South Florida Bulls : RHP Ken Ware
Pitching: RHP Thomas Hoffman
Batting: LHB John Allen 0-0: Foul Ball, location: 2F
0-1: Ball
1-1: Ground out 5-3 (Groundball, 56)
Batting: RHB Jesús Estrada 0-0: Called Strike
0-1: Foul Ball, location: 2F
0-2: Strikes out swinging
Batting: LHB Howard Tyler 0-0: Ball
1-0: Ball
2-0: Ball
3-0: Ground out 5-3 (Groundball, 56)
Bottom of the 9th over - 0 runs, 0 hits, 0 errors, 0 left on base; South Florida 7 - Mississippi 5
Saturday, December 16th, 2017 - OOTP Baseball 18.8 Build 76